 Dungeon Crawl Stone Soup version 0.26-a0-466-g989023bd0d (webtiles) character file.

Game seed: 15769739240404260900

205 drasked the Vexing (level 5, -2/41 HPs)
             Began as a Gnoll Arcane Marksman on Aug 5, 2020.
             Slain by a gnoll
             ... wielding a +0 whip
              (6 damage)
             ... on level 3 of the Dungeon.
             The game lasted 00:05:18 (4078 turns).

drasked the Vexing (Gnoll Arcane Marksman)          Turns: 4078, Time: 00:05:19

Health: -2/41      AC:  2    Str: 13    XL:     5   Next: 83%
Magic:  9/9        EV: 15    Int: 15    God:
Gold:   70         SH:  0    Dex: 16    Spells: 9/10 levels left

rFire    . . .     SeeInvis .   h - +0 dagger (venom)
rCold    . . .     Faith    .   (no shield)
rNeg     . . .     Spirit   .   e - +0 robe
rPois    .         Reflect  .   (no helmet)
rElec    .         Harm     .   (no cloak)
rCorr    .                      (no gloves)
MR       .....                  (no boots)
Stlth    ++........             (no amulet)
HPRegen  0.13/turn              (no ring)
MPRegen  0.11/turn              (no ring)

@: no status effects
A: distributed training, fangs 1, strong nose
a: no special abilities


You were on level 3 of the Dungeon.
You visited 1 branch of the dungeon, and saw 3 of its levels.

You collected 70 gold pieces.

Inventory:

Hand Weapons
 a - a +0 shortbow
 h - a +0 dagger of venom (weapon)
   (You took it off a goblin on level 1 of the Dungeon)
Missiles
 d - 21 arrows
 t - 2 poisoned darts (quivered)
Armour
 c - a +0 tower shield
   (You found it on level 1 of the Dungeon)
 e - a +0 robe (worn)
Scrolls
 f - 2 scrolls of fog
 i - 3 scrolls of identify
 m - a scroll of amnesia {unknown}
 p - 2 scrolls of random uselessness {unknown}
 w - a scroll of remove curse
Potions
 b - a potion of lignification {unknown}
 g - 2 potions of might {unknown}
 j - 3 potions of flight {unknown}
 k - a potion of invisibility {unknown}
 l - a potion of curing {unknown}
 n - a potion of mutation {unknown}
 o - 2 potions of stabbing
 q - a potion of haste {unknown}
 r - 4 potions of heal wounds {unknown}
 s - 2 potions of magic {unknown}


   Skills:
 + Level 3.1 Fighting
 + Level 1.6 Short Blades
 + Level 1.6 Long Blades
 + Level 1.6 Axes
 + Level 1.6 Maces & Flails
 + Level 1.6 Polearms
 + Level 1.6 Staves
 + Level 1.6 Slings
 + Level 4.8 Bows
 + Level 1.6 Crossbows
 + Level 1.6 Throwing
 + Level 1.6 Armour
 + Level 4.8 Dodging
 + Level 1.6 Stealth
 + Level 1.6 Shields
 + Level 1.6 Unarmed Combat
 + Level 3.2 Spellcasting
 + Level 1.3 Conjurations
 + Level 5.6 Hexes
 + Level 1.3 Summonings
 + Level 1.3 Necromancy
 + Level 1.3 Translocations
 + Level 1.3 Transmutations
 + Level 1.3 Fire Magic
 + Level 1.3 Ice Magic
 + Level 1.3 Air Magic
 + Level 1.3 Earth Magic
 + Level 1.3 Poison Magic
 + Level 1.9 Invocations
 + Level 1.6 Evocations


You had 9 spell levels left.
You knew the following spells:

 Your Spells              Type           Power        Failure   Level
v - Corona                Hex            ###....      1%          1

Your spell library contained the following spells:

 Spells                   Type           Power        Failure   Level
 Slow                     Hex            ###.....     3%          2
 Inner Flame              Hex/Fire       ##......     14%         3
 Portal Projectile        Hex/Tloc       ##....       14%         3
 Cause Fear               Hex            ###.......   19%         4
 Leda's Liquefaction      Hex/Erth       ##........   43%         4


Dungeon Overview and Level Annotations

Branches:
Dungeon (3/15)

Altars:
Fedhas


Innate Abilities, Weirdness & Mutations

Your experience applies equally to all skills.
You have very sharp teeth.
Your uncanny sense of smell can sniff out nearby items.


Message History

No reachable target in view!
No reachable target in view!
No reachable target in view!
No reachable target in view!
No reachable target in view!
No reachable target in view!
No reachable target in view!
No reachable target in view!
No reachable target in view!
No reachable target in view!
No reachable target in view!
No reachable target in view!
No reachable target in view!
No reachable target in view!
No reachable target in view!
No reachable target in view!
Throwing (i - inventory. (/) - cycle)
Q - 7 stones (quivered)
Aim: a gnoll, wielding a +0 whip (lightly wounded)
You throw a stone.
The stone hits the gnoll but does no damage.
No reachable target in view!
No reachable target in view!
A gnoll comes into view. It is wielding a +0 spear.
You see here a stone.
Throwing (i - inventory. (/) - cycle)
Q - 6 stones (quivered)
Aim: a gnoll, wielding a +0 spear and wearing a +0 scale mail (wandering, hasn't noticed you)
You throw a stone. The gnoll shouts!
The stone hits the gnoll but does no damage.
Throwing (i - inventory. (/) - cycle)
Q - 5 stones (quivered)
Aim: a gnoll, wielding a +0 spear and wearing a +0 scale mail You throw a stone.
The stone hits the gnoll but does no damage.
Throwing (i - inventory. (/) - cycle)
Q - 4 stones (quivered)
Aim: a gnoll, wielding a +0 spear and wearing a +0 scale mail You throw a stone.
The stone hits the gnoll but does no damage.
Throwing (i - inventory. (/) - cycle)
Q - 3 stones (quivered)
Aim: a gnoll, wielding a +0 spear and wearing a +0 scale mail You throw a stone.
The stone hits the gnoll but does no damage.
The gnoll shouts! x2
You see here a gnoll corpse.
Throwing (i - inventory. (/) - cycle)
Q - 2 stones (quivered)
Aim: a gnoll, wielding a +0 spear and wearing a +0 scale mail You throw a stone.
The stone hits the gnoll but does no damage.
Throwing (i - inventory. (/) - cycle)
Q - a stone (quivered)
Aim: a gnoll You throw a stone.
The stone barely misses the gnoll.
You hear a splash.
Throwing (i - inventory)
t - 4 poisoned darts (quivered)
Aim: a gnoll You throw a poisoned dart.
The poisoned dart hits the gnoll.
The gnoll is poisoned.
You hear a splash.
Throwing (i - inventory)
t - 3 poisoned darts (quivered)
Aim: a gnoll (poisoned)
You throw a poisoned dart. The poisoned dart hits the gnoll.
You hear a splash.
You hit the gnoll.
The gnoll looks even sicker.
The gnoll hits you!
You hit the gnoll.
You kill the gnoll!
Your life force feels restored.
You hit the gnoll.
The gnoll is poisoned.
You punch the gnoll, but do no damage. You bite the gnoll, but do no damage.
You barely miss the gnoll. The gnoll hits you with a +0 whip!
You hit the gnoll. You bite the gnoll, but do no damage.
The gnoll hits you with a +0 whip.
You are too injured to fight recklessly!
You are too injured to fight recklessly!
You are too injured to fight recklessly!
You are too injured to fight recklessly!
You are too injured to fight recklessly!
You are too injured to fight recklessly!
You are too injured to fight recklessly!
You are too injured to fight recklessly!
You are too injured to fight recklessly!
You are too injured to fight recklessly!
You are too injured to fight recklessly!
You are too injured to fight recklessly!
You are too injured to fight recklessly!
You are too injured to fight recklessly!
You are too injured to fight recklessly!
You completely miss the gnoll. You bite the gnoll, but do no damage.
The gnoll hits you with a +0 whip!
* * * LOW HITPOINT WARNING * * *
You see here a gnoll corpse.
You see here a stone.
The gnoll looks more healthy.
You closely miss the gnoll. The gnoll hits you with a +0 whip.
* * * LOW HITPOINT WARNING * * *
You hit the gnoll.
The gnoll is poisoned.
The gnoll misses you.
Things that are here:
a cursed +0 flail; a gnoll skeleton You kill the gnoll!
You barely miss the gnoll. The gnoll hits you with a +0 whip!
* * * LOW HITPOINT WARNING * * *
You hit the gnoll.
The gnoll is poisoned.
The gnoll hits you with a +0 whip.
You die...

#.≈≈≈....#......###..##.#.#
#.≈≈≈....#...<..#.......#..
#'###≈≈P...#.###..#.##.#....#
#####...#≈≈....#......######.....
(((.#ggg#≈≈....#..##.### #.####
(()g#####≈≈....#..##...# #....#
≈≈≈≈≈≈≈≈≈≈≈....#.......# ##.##.#
≈≈≈≈≈≈≈≈≈≈≈....#..##...####...#.#
.........P.....#@.##........_....
.............))g........#.#...###
###############.####....#.##.##
#.## #....#....#
##..###....####.# #######
#####...............## ......#
#....)#.###.###.#.#..#
......####.....#.# #.# #.#....#
......##)......#.###.# #.###..#


You could see a gnoll (very poisoned).

Levels and vault maps discovered:
D:1:      matt_arrival_diagonals, layout_loops_ring
D:2:      minmay_alternating_diamond, layout_basic, kennysheep_generic_room_14
D:3:      lemuel_castle_with_subvaults [lemuel_castle_interior_carwin_1],
          layout_basic, nicolae_overflow_crystal_walls

Notes
Turn   | Place    | Note
-------+----------+-------------------------------------------
     0 | D:1      | drasked the Gnoll Arcane Marksman began the quest for the
                  | Orb.
     0 | D:1      | Reached XP level 1. HP: 17/17 MP: 4/4
    22 | D:1      | Identified a +0 club
   229 | D:1      | Identified a +0 club
   242 | D:1      | Reached XP level 2. HP: 19/23 MP: 5/5
   355 | D:1      | Identified a +0 short sword
   446 | D:1      | Identified a +0 club
   606 | D:1      | Identified a +0 club
   672 | D:1      | Identified a +0 dagger
   744 | D:1      | Identified a +0 club
   769 | D:1      | Identified a +0 dagger of venom
   829 | D:1      | Reached XP level 3. HP: 28/28 MP: 7/7
  1392 | D:2      | Reached skill level 1 in Invocations
  1393 | D:2      | Identified a +0 shortbow
  1648 | D:2      | Identified a +1 dagger of draining
  1879 | D:2      | Reached skill level 1 in Short Blades
  1879 | D:2      | Reached skill level 1 in Long Blades
  1879 | D:2      | Reached skill level 1 in Axes
  1879 | D:2      | Reached skill level 1 in Maces & Flails
  1879 | D:2      | Reached skill level 1 in Polearms
  1879 | D:2      | Reached skill level 1 in Staves
  1879 | D:2      | Reached skill level 1 in Slings
  1879 | D:2      | Reached skill level 1 in Crossbows
  1879 | D:2      | Reached skill level 1 in Throwing
  1879 | D:2      | Reached skill level 1 in Armour
  1879 | D:2      | Reached skill level 1 in Stealth
  1879 | D:2      | Reached skill level 1 in Shields
  1879 | D:2      | Reached skill level 1 in Unarmed Combat
  1879 | D:2      | Reached skill level 1 in Evocations
  2133 | D:2      | Reached XP level 4. HP: 32/34 MP: 8/8
  2170 | D:2      | Identified a +0 club
  2170 | D:2      | Identified a +0 dagger
  2275 | D:3      | Identified a cursed amulet of inaccuracy (You found it on
                  | level 3 of the Dungeon)
  2275 | D:3      | Identified 3 scrolls of identify
  2275 | D:3      | Identified 2 potions of stabbing
  2276 | D:3      | Identified 2 scrolls of fog
  2277 | D:3      | Identified a scroll of remove curse
  2537 | D:3      | Reached skill level 3 in Spellcasting
  2548 | D:3      | HP: 8/34 [poisoned by an adder]
  2553 | D:3      | HP: 7/34 [poisoned by an adder]
  2560 | D:3      | HP: 6/34 [poisoned by an adder]
  2568 | D:3      | HP: 4/34 [poisoned by an adder]
  2577 | D:3      | Identified a +0 club
  2577 | D:3      | Identified a +0 hunting sling
  2900 | D:3      | Identified a +0 spear
  2903 | D:3      | Identified a +0 spear
  2931 | D:3      | Identified a +0 spear
  2956 | D:3      | Identified a +0 whip
  2985 | D:3      | Identified a +0 whip
  3031 | D:3      | Reached skill level 1 in Conjurations
  3031 | D:3      | Reached skill level 1 in Summonings
  3031 | D:3      | Reached skill level 1 in Necromancy
  3031 | D:3      | Reached skill level 1 in Translocations
  3031 | D:3      | Reached skill level 1 in Transmutations
  3031 | D:3      | Reached skill level 1 in Fire Magic
  3031 | D:3      | Reached skill level 1 in Ice Magic
  3031 | D:3      | Reached skill level 1 in Air Magic
  3031 | D:3      | Reached skill level 1 in Earth Magic
  3031 | D:3      | Reached skill level 1 in Poison Magic
  3182 | D:3      | Identified a +0 spear
  3186 | D:3      | Identified a +0 whip
  3187 | D:3      | Identified a cursed +0 flail
  3388 | D:3      | Identified a +0 war axe
  3388 | D:3      | Identified a +0 leather armour
  3517 | D:3      | Found a blossoming altar of Fedhas.
  3672 | D:3      | Reached XP level 5. HP: 40/40 MP: 9/9
  3692 | D:3      | Identified a cursed -2 spear
  3738 | D:3      | Reached skill level 3 in Fighting
  3931 | D:3      | Identified a +0 halberd
  3933 | D:3      | Identified a +0 whip
  3933 | D:3      | Identified a +0 robe
  3937 | D:3      | Identified a +0 halberd
  3938 | D:3      | Identified a +0 club
  4031 | D:3      | Identified a +0 whip
  4039 | D:3      | Identified a +0 spear
  4039 | D:3      | Identified a +0 scale mail
  4077 | D:3      | HP: 4/41 [gnoll/+0 whip (11)]
  4078 | D:3      | Slain by a gnoll

Table legend: (Time is in decaauts)
 A = Elapsed time spent in this place.
 B = Non-inter-level travel time spent in this place.
 C = Inter-level travel time spent in this place.
 D = Time resting spent in this place.
 E = Time spent auto-exploring this place.
 F = Levels seen in this place.
 G = Mean time per level.
                   A        B        C        D        E       F      G
               +--------+--------+--------+--------+--------+-----+--------+
         Total |   4101 |   4038 |     63 |   1575 |   1717 |   3 | 1367.0 |
       Dungeon |   4101 |   4038 |     63 |   1575 |   1717 |   3 | 1367.0 |
               +--------+--------+--------+--------+--------+-----+--------+

Top non-repeatable levels by time:
     D:3: 1825 daAuts
     D:2: 1180 daAuts
     D:1: 1095 daAuts

Table legend:
 A = Kills in this place as a percentage of kills in entire the game.
 B = Kills by you in this place as a percentage of kills by you in the entire game.
 C = Kills by friends in this place as a percentage of kills by friends in the entire game.
 D = Other kills in this place as a percentage of other kills in the entire game.
 E = Experience gained in this place as a percentage of experience gained in the entire game.
 F = Experience gained in this place divided by the number of levels of this place that you have seen.
                   A       B       C       D       E      F
               +-------+-------+-------+-------+-------+----------------------
         Total | 100.0 | 100.0 |   N/A |   N/A | 100.0 |  97.7
       Dungeon | 100.0 | 100.0 |   N/A |   N/A | 100.0 |  97.7
               +-------+-------+-------+-------+-------+----------------------

Skill      XL: |  1  2  3  4  5 |
---------------+----------------+-----
Invocations    | 1 |  1.9
Short Blades   | 1 |  1.6
Long Blades    | 1 |  1.6
Axes           | 1 |  1.6
Maces & Flails | 1 |  1.6
Polearms       | 1 |  1.6
Staves         | 1 |  1.6
Slings         | 1 |  1.6
Crossbows      | 1 |  1.6
Throwing       | 1 |  1.6
Armour         | 1 |  1.6
Stealth        | 1 |  1.6
Shields        | 1 |  1.6
Unarmed Combat | 1 |  1.6
Evocations     | 1 |  1.6
Spellcasting   | 3 |  3.2
Conjurations   | 1 |  1.3
Summonings     | 1 |  1.3
Necromancy     | 1 |  1.3
Translocations | 1 |  1.3
Transmutations | 1 |  1.3
Fire Magic     | 1 |  1.3
Ice Magic      | 1 |  1.3
Air Magic      | 1 |  1.3
Earth Magic    | 1 |  1.3
Poison Magic   | 1 |  1.3
Fighting       | 3 |  3.1
Bows           | |  4.8
Dodging        | |  4.8
Hexes          | |  5.6

Action                   |  1- 3 |  4- 6 || total
-------------------------+-------+-------++-------
Melee: Dagger            |    39 |   112 ||   151
       Bite              |     2 |    14 ||    16
       Punch             |       |     1 ||     1
 Fire: Shortbow          |    86 |       ||    86
Throw: Stone             |    59 |   192 ||   251
       Dart              |       |     6 ||     6
  Use: Scroll            |       |     3 ||     3
Armor: Robe              |    24 |     9 ||    33
Dodge: Dodged            |    82 |    98 ||   180

Vanquished Creatures
  9 gnolls (D:3)
  2 adders (D:3)
  An ooze (D:1)
  A worm (D:2)
  A dart slug (D:1)
  4 leopard geckos
  An orc (D:3)
  9 bats
  4 giant cockroaches
  8 goblins
  3 hobgoblins
  20 jackals
  A quokka (D:2)
  3 ball pythons
  6 frilled lizards
  6 kobolds
  2 rats
81 creatures vanquished.
